 Dungeon Crawl Stone Soup version 0.29.1-15-g9cfb28693d (webtiles) character file.

Game seed: 958671183138267370

22 Mickster the Magician (level 2, 0/17 HPs)
             Began as a Gargoyle Wanderer on Mar 13, 2023.
             Slain by a quokka (2 damage)
             ... on level 1 of the Dungeon.
             The game lasted 00:14:13 (958 turns).

Mickster the Magician (Gargoyle Wanderer)            Turns: 958, Time: 00:14:14

Health: 0/17       AC:  6    Str: 17    XL:     2   Next: 91%
Magic:  6/6        EV: 11    Int: 12    God:
Gold:   57         SH:  0    Dex:  7    Spells: 6/7 levels left

rFire   . . .      SeeInvis .   h - +0 short sword
rCold   . . .      Faith    .   (no shield)
rNeg    + . .      Spirit   .   e - +0 leather armour
rPois   ∞          Reflect  .   (no helmet)
rElec   +          Harm     .   (no cloak)
rCorr   .          Rampage  .   (no gloves)
Will    .....                   l - +0 pair of boots
Stlth   +.........              (no amulet)
HPRegen 0.05/turn               (no ring)
MPRegen 0.10/turn               (no ring)

@: no status effects
A: sickness immunity, AC +2, negative energy resistance 1, electricity
resistance, torment resistance 1, petrification resistance
a: no special abilities


You were on level 1 of the Dungeon.
You visited 1 branch of the dungeon, and saw 1 of its levels.

You collected 57 gold pieces.

Inventory:

Hand Weapons
 a - a +2 sling
 c - a +0 dagger
 h - a +0 short sword (weapon)
 j - a +0 trident
Missiles
 b - 6 boomerangs
 i - 7 stones
 k - 2 poisoned darts (quivered)
Armour
 e - a +0 leather armour (worn)
 g - a +0 scale mail
 l - a +0 pair of boots (worn)
Potions
 d - a potion of heal wounds
 f - a potion of haste {unknown}


   Skills:
 + Level 2.2 Fighting
 * Level 0.2 Short Blades
 + Level 2.0 Ranged Weapons
 + Level 3.0 Throwing
 + Level 0.4 Armour
 + Level 3.2 Spellcasting
 * Level 0.6 Translocations


You had 6 spell levels left.
You knew the following spells:

 Your Spells              Type           Power      Damage    Failure   Level
a - Apportation           Tloc           6%         N/A       22%         1

Your spell library contained the following spells:

 Spells                   Type           Power      Damage    Failure   Level
 Portal Projectile        Hex/Tloc       4%         N/A       58%         3


Dungeon Overview and Level Annotations

Branches:
Dungeon (1/15)

Altars:


Innate Abilities, Weirdness & Mutations

You are immune to sickness and miasma.
Your stone body is resilient. (AC +2)
You are immune to poison.
You resist negative energy. (rN+)
You are resistant to electric shocks. (rElec)
You are resistant to unholy torment.
You are immune to petrification.


Message History

The endoplasm quivers.
The shining eye turns its gaze towards you.
The eye of devastation turns its gaze towards you.
The great orb of eyes turns its gaze towards you.
You hit the endoplasm.
The endoplasm is severely wounded.
The endoplasm freezes you.
You are frozen.
You barely miss the endoplasm.
The endoplasm is severely wounded.
The endoplasm freezes you.
You are frozen.
You hit the endoplasm.
You kill the endoplasm!
You now have 57 gold pieces (gained 17).
There is a faded altar of an unknown god here.
A quokka comes into view.
Found a book of Debilitation.
The quokka bites you but does no damage.
You hit the quokka but do no damage.
The quokka bites you but does no damage.
You hit the quokka but do no damage. The quokka closely misses you.
The quokka bites you.
* * * LOW HITPOINT WARNING * * *
You barely miss the quokka. The quokka misses you.
You hit the quokka.
The quokka is lightly wounded.
The quokka bites you.
* * * LOW HITPOINT WARNING * * *
You closely miss the quokka.
The quokka is lightly wounded.
The quokka barely misses you. The quokka bites you.
* * * LOW HITPOINT WARNING * * *
You closely miss the quokka.
The quokka is lightly wounded.
The quokka misses you.
You barely miss the quokka.
The quokka is lightly wounded.
The quokka bites you.
You die...

....#.###########
....#'######## #############
#............# #...........#
####.........# #.###...###.#
####.........# #.#G#...#G#.#
).......########.###...###.##
####.)### #.............#
......# #......_......#
###...####### #r@...........#
##.............###...###..#
#..########.#.#G#...#G#..#
####..#...# #.#.###...###..#
..........# #.#............#
#.........# #:########..#..#
#.....#...# ...........##
#........###########..#.####
#..).###>................#


You could see a shining eye and a quokka.

Vanquished Creatures
  6 endoplasms (D:1)
  2 giant cockroaches (D:1)
  2 quokkas (D:1)
  A bat (D:1)
  2 frilled lizards (D:1)
  A goblin (D:1)
  3 kobolds (D:1)
  5 rats (D:1)
22 creatures vanquished.

Notes
Turn   | Place    | Note
-------+----------+-------------------------------------------
     0 | D:1      | Mickster the Gargoyle Wanderer began the quest for the Orb.
     0 | D:1      | Mickster set off with the following items: a +2 sling, 7
                  | boomerangs, a +0 dagger, a potion of heal wounds, a +0
                  | leather armour; and the following spell memorised:
                  | Apportation; and the following spells available to
                  | memorise: Portal Projectile.
     0 | D:1      | Reached XP level 1. HP: 12/12 MP: 4/4
   307 | D:1      | Reached XP level 2. HP: 14/17 MP: 6/6
   902 | D:1      | Found a faded altar of an unknown god.
   903 | D:1      | Noticed an eye of devastation
   906 | D:1      | Noticed a shining eye
   906 | D:1      | Noticed an eye of devastation
   906 | D:1      | Noticed a great orb of eyes
   958 | D:1      | Slain by a quokka

Illustrated notes

Levels and vault maps discovered:
D:1:      kilobyte_arrival_exit_the_forest, layout_basic,
          hellmonk_ecumenical_altar_watching_god

Skill      XL: |  1  2 |
---------------+-------+-----
Throwing       | 3 |  3.0
Fighting       | |  2.2
Short Blades   | |  0.2
Ranged Weapons | |  2.0
Armour         | |  0.4
Spellcasting   | |  3.2
Translocations | |  0.6

Action                   || total
-------------------------++-------
Melee: Short sword       ||    41
       Dagger            ||    20
Throw: Boomerang         ||    27
       Dart              ||     7
  Use: Scroll            ||     2
       Potion            ||     1
Armor: Leather armour    ||    33
Dodge: Dodged            ||    54
